 Dungeon Crawl Stone Soup version 0.27.1-33-g824d729ab1 (webtiles) character file.

Game seed: 1096615477597020015

40 lordive the Skirmisher (level 3, 0/40 HPs)
             Began as an Ogre Berserker on Dec 26, 2021.
             Was a Believer of Trog.
             Slain by a goblin (5 damage)
             ... led by Robin
             ... on level 2 of the Dungeon.
             The game lasted 00:03:15 (2023 turns).

lordive the Skirmisher (Ogre Berserker)             Turns: 2023, Time: 00:03:17

Health: 0/40       AC:  3    Str: 22    XL:     3   Next: 50%
Magic:  3/3        EV: 10    Int:  8    God:    Trog [**....]
Gold:   73         SH:  0    Dex:  8    Spells: 2/2 levels left

rFire    . . .     SeeInvis .   a - +0 mace
rCold    . . .     Faith    .   (no shield)
rNeg     . . .     Spirit   .   b - +0 animal skin
rPois    .         Reflect  .   (helmet restricted)
rElec    .         Harm     .   (no cloak)
rCorr    .         Rampage  .   (gloves unavailable)
Will     .....                  (boots unavailable)
Stlth    +.........             (no amulet)
HPRegen  0.13/turn              (no ring)
MPRegen  0.08/turn              (no ring)

@: on berserk cooldown
A: large, unfitting armour, tough skin 1
a: Renounce Religion, Berserk, Trog's Hand


You were on level 2 of the Dungeon.
You worshipped Trog.
Trog was pleased with you.
You visited 1 branch of the dungeon, and saw 2 of its levels.

You collected 73 gold pieces.

Inventory:

Hand Weapons
 a - a +0 mace (weapon)
Armour
 b - a +0 animal skin (worn)
Scrolls
 g - a scroll of enchant weapon {unknown}
 i - a scroll of identify {unknown}
 j - 3 scrolls of teleportation {unknown}
Potions
 c - a potion of curing
 d - a potion of resistance {unknown}
 e - 2 potions of cancellation {unknown}
 f - a potion of ambrosia {unknown}
 h - a potion of attraction {unknown}
 k - a potion of mutation {unknown}


   Skills:
 * Level 4.6 Fighting
 * Level 3.2 Maces & Flails
 * Level 0.2 Armour
 * Level 3.1 Dodging
 + Level 0.1 Stealth


You had 2 spell levels left.
You didn't know any spells.
Your spell library was empty.

Dungeon Overview and Level Annotations

Branches:
Dungeon (2/15)

Altars:

Annotations:
D:2 Robin


Innate Abilities, Weirdness & Mutations

You are too large for most types of armour.
You have tough skin. (AC +1)


Message History

* * * LOW HITPOINT WARNING * * *
You are poisoned.
The adder poisons you! The goblin barely misses you. The adder misses you.
Unknown command.
It was a potion of curing.
You feel better.
You feel the effects of Trog's Hand fading.
The hobgoblin no longer looks unusually strong.
The adder closely misses you. The goblin barely misses you.
Robin points. "Kill!"
Robin roars a battlecry!
The hobgoblin goes into a battle-frenzy!
The adder closely misses you.
You closely miss the adder.
The adder is almost dead.
The goblin closely misses you. The adder closely misses you.
The goblin hits you but does no damage. The adder barely misses you.
Unknown command.
You closely miss the adder.
The adder is almost dead.
The goblin no longer looks unusually strong.
The adder closely misses you. The goblin hits you but does no damage.
Robin roars a battlecry!
The goblin goes into a battle-frenzy!
The adder bites you but does no damage. The goblin hits you with a +0 club.
* * * LOW HITPOINT WARNING * * *
You barely miss the adder.
The adder is almost dead.
You feel yourself speed up.
Your skin stops crawling.
You feel less strong-willed. The adder bites you but does no damage.
The goblin closely misses you. The adder bites you.
* * * LOW HITPOINT WARNING * * *
Robin says, "Duck!"
The goblin hits you with a +0 club.
* * * LOW HITPOINT WARNING * * *
The adder closely misses you.
You hit the adder but do no damage.
The adder is almost dead.
The adder bites you but does no damage. The goblin hits you with a +0 club.
You die...

.......## #.#
#.##### .......'.
#.#.# #......
.........####.#.#
#..####
).........#.#.#.#
#.....<
.......).)..#.#.#
##.##..
#########gg.#.#.#
#.#... #gK)..#.#
#.....
#S#...#.#######...
#@##..............
##########g#
#.#.#########.
#..........# ##.#
#. #.##########
#.# ##
#.##############.#
#.....<..........#
##################


You could see Robin, an adder, a hobgoblin (strong), 2 goblins and a kobold.

Vanquished Creatures
  3 endoplasms (D:1)
  3 hobgoblins
  2 jackals (D:1)
  3 kobolds (D:1)
  2 ball pythons
  4 bats
  3 frilled lizards (D:1)
  11 goblins
  4 rats (D:1)
35 creatures vanquished.

Notes
Turn   | Place    | Note
-------+----------+-------------------------------------------
     0 | D:1      | lordive the Ogre Berserker began the quest for the Orb.
     0 | D:1      | Reached XP level 1. HP: 24/24 MP: 1/1
   360 | D:1      | Reached XP level 2. HP: 31/32 MP: 2/2
  1108 | D:1      | Reached XP level 3. HP: 39/40 MP: 3/3
  1984 | D:2      | Noticed Robin
  2002 | D:2      | Reached ** piety under Trog
  2023 | D:2      | Slain by a goblin

Illustrated notes

Levels and vault maps discovered:
D:1:      dpeg_arrival_central, layout_basic, minmay_small_reverse_x
D:2:      layout_basic, uniq_robin

Skill      XL: |  1  2  3 |
---------------+----------+-----
Maces & Flails | 3 |  3.2
Dodging        | 3 |  3.1
Fighting       | |  4.6
Armour         | |  0.2
Stealth        | |  0.1

Action                   || total
-------------------------++-------
Melee: Mace              ||   123
Invok: Berserk           ||     2
       Trog's Hand       ||     1
  Use: Potion            ||     1
Armor: Animal skin       ||    47
Dodge: Dodged            ||    87
